 Dungeon Crawl Stone Soup version 0.31-a0-188-g5e087ee2ca (webtiles) character file.

Game seed: 10535483862648224845

25 senseless the Covert (level 3, -4/35 HPs)
             Began as a Gnoll Delver on June 23, 2023.
             Killed by nerve-wracking pain
             ... invoked by an orc priest
              (11 damage)
             ... on level 4 of the Dungeon.
             The game lasted 00:00:47 (238 turns).

senseless the Covert (Gnoll Delver)                  Turns: 238, Time: 00:00:48

Health: -4/35      AC:  3    Str: 13    XL:     3   Next: 6%
Magic:  3/3        EV: 13    Int:  9    God:
Gold:   18         SH:  0    Dex: 13    Spells: 3/3 levels left

rFire   . . .        a - +0 hand axe
rCold   . . .        (no shield)
rNeg    . . .        b - +0 leather armour
rPois   .            (no helmet)
rElec   .            (no cloak)
rCorr   .            (no gloves)
SInv    .            (no boots)
Will    .....        (no amulet)
Stlth   ++++         (no ring)
HPRegen 0.25/turn    (no ring)
MPRegen 0.08/turn

%: no passive effects
@: no status effects
A: fangs 1, strong nose, distributed training
a: no special abilities


You were on level 4 of the Dungeon.
You visited 1 branch of the dungeon, and saw 2 of its levels.

You collected 18 gold pieces.

Inventory:

Hand Weapons
 a - a +0 hand axe (weapon)
Armour
 b - a +0 leather armour (worn)
Wands
 g - a wand of digging (3)
Scrolls
 c - a scroll of fog
 d - a scroll of revelation
 e - a scroll of fear
Potions
 f - a potion of haste
 h - a potion of mutation {unknown}


   Skills:
 + Level 6.5 Fighting
 + Level 0.6 Short Blades
 + Level 0.6 Long Blades
 + Level 4.5 Axes
 + Level 0.6 Maces & Flails
 + Level 0.6 Polearms
 + Level 0.6 Staves
 + Level 0.6 Ranged Weapons
 + Level 0.6 Throwing
 + Level 0.6 Armour
 + Level 4.5 Dodging
 + Level 9.5 Stealth
 + Level 0.6 Shields
 + Level 0.6 Unarmed Combat
 + Level 0.6 Spellcasting
 + Level 0.4 Conjurations
 + Level 0.4 Hexes
 + Level 0.4 Summonings
 + Level 0.4 Necromancy
 + Level 0.4 Translocations
 + Level 0.4 Transmutations
 + Level 0.4 Fire Magic
 + Level 0.4 Ice Magic
 + Level 0.4 Air Magic
 + Level 0.4 Earth Magic
 + Level 0.4 Poison Magic
 + Level 0.8 Invocations
 + Level 0.6 Evocations


You had 3 spell levels left.
You didn't know any spells.
Your spell library was empty.

Dungeon Overview and Level Annotations

Branches:
Dungeon (5/15)
 Temple: D:4-7

Altars:

Annotations:
D:5 Blork the orc


Innate Abilities, Weirdness & Mutations

You have very sharp teeth.
Your uncanny sense of smell can sniff out nearby items.
Your experience applies equally to all skills.


Message History

You are too injured to fight recklessly!
You are too injured to fight recklessly!
You are too injured to fight recklessly!
You are too injured to fight recklessly!
You are too injured to fight recklessly!
You hit the adder.
The adder is lightly wounded.
The adder closely misses you. The adder bites you.
You hit the adder. Your bite misses the adder.
The adder is heavily wounded.
The adder barely misses you.
You barely miss the adder.
The adder is heavily wounded.
The adder misses you. The adder bites you.
* * * LOW HITPOINT WARNING * * *
You hit the adder. Your bite misses the adder.
The adder is severely wounded.
The adder bites you.
* * * LOW HITPOINT WARNING * * *
You miss the adder.
The adder is severely wounded.
The adder bites you.
* * * LOW HITPOINT WARNING * * *
You barely miss the adder.
The adder is severely wounded.
The adder bites you but does no damage. The adder closely misses you.
You hit the adder. You bite the adder.
You kill the adder!
The orc priest begins to cast a cantrip, but forgets the words!
You have reached level 3!
Your experience leads to an increase in your attributes!
Increase (S)trength, (I)ntelligence, or (D)exterity?
You feel stronger. x2
You slash the orc!
You kill the orc!
You hit the orc priest.
The orc priest is heavily wounded.
The orc priest calls down the wrath of Beogh upon you.
Pain shoots through your body!
You die...

∆ .# .# .#
.##### .....#
.....#.
#####o......
#...@# #.##.#
#..#.#
##.#.#######
#.#........
#.#........
####.#>.......
#.......######
#......##


You could see an orc priest.

Vanquished Creatures
  2 adders
  3 orcs
  2 ball pythons (D:4)
7 creatures vanquished.

Notes
Turn   | Place    | Note
-------+----------+-------------------------------------------
     0 | D:5      | Reached skill level 9 in Stealth
     0 | D:5      | senseless the Gnoll Delver began the quest for the Orb.
     0 | D:5      | Reached XP level 1. HP: 23/23 MP: 1/1
    89 | D:5      | Noticed Blork the orc
   189 | D:5      | Reached XP level 2. HP: 29/29 MP: 2/2
   237 | D:4      | Reached XP level 3. HP: 6/35 MP: 3/3
   238 | D:4      | Killed from afar by an orc priest

Illustrated notes

Levels and vault maps discovered:
D:4:      layout_basic
D:5:      layout_basic, serial_shops, shop, guppyfry_shop_venom, uniq_menkaure,
          uniq_blork_the_orc

Skill      XL: | |
---------------+-+-----
Stealth        | |  9.5
Fighting       | |  6.5
Short Blades   | |  0.6
Long Blades    | |  0.6
Axes           | |  4.5
Maces & Flails | |  0.6
Polearms       | |  0.6
Staves         | |  0.6
Ranged Weapons | |  0.6
Throwing       | |  0.6
Armour         | |  0.6
Dodging        | |  4.5
Shields        | |  0.6
Unarmed Combat | |  0.6
Spellcasting   | |  0.6
Conjurations   | |  0.4
Hexes          | |  0.4
Summonings     | |  0.4
Necromancy     | |  0.4
Translocations | |  0.4
Transmutations | |  0.4
Fire Magic     | |  0.4
Ice Magic      | |  0.4
Air Magic      | |  0.4
Earth Magic    | |  0.4
Poison Magic   | |  0.4
Invocations    | |  0.8
Evocations     | |  0.6

Action                     || total
---------------------------++-------
  Melee: Hand axe          ||    30
         Bite              ||     3
         Punch             ||     1
   Stab: Sleeping          ||     1
 Armour: Leather armour    ||     3
  Dodge: Dodged            ||    19

Table legend: (Time is in decaauts)
 A = Elapsed time spent in this place.
 B = Non-inter-level travel time spent in this place.
 C = Inter-level travel time spent in this place.
 D = Time resting spent in this place.
 E = Time spent auto-exploring this place.
 F = Levels seen in this place.
 G = Mean time per level.
                   A        B        C        D        E       F      G
               +--------+--------+--------+--------+--------+-----+--------+
         Total |    240 |    233 |      7 |      0 |    102 |   2 |  120.0 |
       Dungeon |    240 |    233 |      7 |      0 |    102 |   2 |  120.0 |
               +--------+--------+--------+--------+--------+-----+--------+

Top non-repeatable levels by time:
     D:5: 206 daAuts
     D:4: 33 daAuts
